 Dungeon Crawl Stone Soup version 0.17-a0-1760-ga6756ae (webtiles) character file.

357 KambridgeKobold the Covert (level 6, -2/35 HPs)
             Began as a Kobold Assassin on Sept 3, 2015.
             Killed by divine providence
             ... invoked by an orc priest
              (12 damage)
             ... on level 4 of the Dungeon.
             The game lasted 00:14:42 (4610 turns).

KambridgeKobold the Covert (Kobold Assassin)        Turns: 4610, Time: 00:14:42

Health: -2/35      AC: 11    Str: 10    XL:     6   Next: 96%
Magic:  6/6        EV: 16    Int:  9    God:
Gold:   200        SH:  0    Dex: 19    Spells: 0 memorised, 5 levels left

rFire  + . .     SeeInvis .     b - +0 blowgun
rCold  . . .     Clarity  .     A - +2 leather armour {rF+}
rNeg   . . .     SustAt   .     (shield restricted)
rPois  .         Gourm    .     o - +2 helmet
rElec  .         Spirit   .     d - +0 cloak
rCorr  .         Warding  .     q - +0 pair of gloves
rMut   .         Stasis   .     (no boots)
MR     +....                    (no amulet)
Stlth  +++++.....               H - +1 ring of protection
                                C - ring of protection from magic

@: somewhat resistant to hostile enchantments, quite stealthy
A: carnivore 3
a: no special abilities


You were on level 4 of the Dungeon.
You were completely stuffed.

You visited 1 branch of the dungeon, and saw 5 of its levels.

You collected 236 gold pieces.
You spent 36 gold pieces at shops.

Inventory:

Hand weapons
 a - a +2 dagger
 b - a +0 blowgun (weapon)
 l - a +0 mace
Missiles
 e - 6 poisoned needles (quivered)
 f - 2 curare-tipped needles
 y - 5 steel tomahawks
Armour
 c - a +0 robe
 d - a +0 cloak (worn)
 o - a +2 helmet (worn)
 q - a +0 pair of gloves (worn)
 A - a +2 leather armour of fire resistance (worn)
 B - a +1 helmet
Jewellery
 k - an uncursed ring of wizardry
 C - a ring of protection from magic (left hand)
 H - a +1 ring of protection (right hand)
 I - an uncursed ring of sustain attributes {unknown}
 J - an uncursed ring of flight {unknown}
Scrolls
 h - 2 scrolls of fog
 i - a scroll of random uselessness {unknown}
 p - a scroll of amnesia {unknown}
 r - 4 scrolls of teleportation {unknown}
 s - 5 scrolls of identify {unknown}
 t - a scroll of recharging {unknown}
 v - a scroll of remove curse
 w - a scroll of enchant armour {unknown}
 x - a scroll of magic mapping {unknown}
Potions
 j - 2 potions of brilliance {unknown}
 m - 4 potions of curing {unknown}
 n - a potion of cancellation {unknown}
 z - a potion of degeneration {unknown}
 E - a potion of cure mutation {unknown}
 F - a potion of magic {unknown}
 G - 3 potions of haste {unknown}
 K - a potion of poison {unknown}
Comestibles
 g - 4 meat rations
 u - 2 beef jerkies
 D - 3 chunks of flesh
 L - a slice of pizza


   Skills:
 - Level 2.1 Fighting
 + Level 3.1 Short Blades
 + Level 4.5 Throwing
 + Level 3.4 Dodging
 - Level 9.0 Stealth


You had 5 spell levels left.
You didn't know any spells.

Dungeon Overview and Level Annotations

Branches:
Dungeon (5/15)
 Temple: D:4-7

Altars:
Cheibriados
Makhleb
Sif Muna

Shops:
D:4 =

Annotations:
D:3 kosy22's ghost, average TrTm


Innate Abilities, Weirdness & Mutations

You are small and have problems with some larger weapons.
You are carnivorous and can eat meat at any time.


Message History

The orc priest mumbles some strange prayers to Beogh against you.
Something smites you!
You barely miss the orc priest.
The orc priest is lightly wounded.
The orc priest mumbles some strange prayers to Beogh against you.
Something smites you!
* * * LOW HITPOINT WARNING * * *
b - a +0 blowgun (weapon)
Firing (i - inventory. (,) - cycle):
e - 7 poisoned needles (quivered)
Press: ? - help, Shift-Dir - straight line, f - orc priest
Aim: an orc priest, wearing a leather armour (lightly wounded)
You shoot a poisoned needle.
The poisoned needle hits the orc priest!
The orc priest is poisoned.
The orc priest is lightly wounded.
The orc priest hits you but does no damage.
The orc priest looks braver for a moment.
The orc priest mumbles some strange prayers to Beogh against you.
Something smites you!
You die...

##........... #............
##....##...... ##....####.....
##....## #....(.
##......###......
#############......##........
###.............>..............
##.....>.(..o..@.............#..
#...........................###.
#...........................###.
#..........................)....
#..........................#.#..
#..##......................##.<.
#..##....###....#####.....####..
#..#....## ##...# ##....# ##.
#..#...## #..## #....# #.


You could see an orc priest.

Vanquished Creatures
  An ogre (D:4)
  A scorpion (D:3)
  2 iguanas
  A giant frog skeleton (D:4)
  A worker ant (D:4)
  Robin (D:2)
  An adder (D:4)
  3 worms
  A giant gecko (D:4)
  6 orcs
  6 bats
  5 giant cockroaches
  21 goblins
  13 hobgoblins
  3 jackals (D:2)
  2 ball pythons
  A ball python skeleton (D:4)
  9 giant newts
  6 kobolds
  2 quokkas (D:4)
  11 rats
97 creatures vanquished.

Notes
Turn   | Place    | Note
--------------------------------------------------------------
     0 | D:1      | KambridgeKobold the Kobold Assassin began the quest for the Orb.
     0 | D:1      | Reached XP level 1. HP: 12/12 MP: 1/1
   145 | D:1      | Reached XP level 2. HP: 17/17 MP: 2/2
   536 | D:1      | Reached skill level 6 in Stealth
   692 | D:1      | Reached XP level 3. HP: 9/21 MP: 3/3
  1436 | D:2      | Found a burning altar of Makhleb.
  1437 | D:2      | Found a snail-covered altar of Cheibriados.
  1442 | D:2      | Found a deep blue altar of Sif Muna.
  2070 | D:2      | Reached skill level 7 in Stealth
  2077 | D:2      | Reached XP level 4. HP: 18/26 MP: 4/4
  2200 | D:2      | Noticed Robin
  2260 | D:2      | Killed Robin
  2919 | D:3      | Noticed kosy22's ghost (average TrTm)
  2976 | D:3      | Reached skill level 8 in Stealth
  2976 | D:3      | Reached XP level 5. HP: 30/30 MP: 5/5
  3863 | D:4      | Reached XP level 6. HP: 35/35 MP: 6/6
  4093 | D:4      | Noticed an ogre
  4097 | D:4      | Killed an ogre
  4116 | D:4      | Found Somantir's Jewellery Emporium.
  4124 | D:4      | Bought a +1 ring of protection for 36 gold pieces
  4472 | D:4      | Reached skill level 9 in Stealth
  4591 | D:5      | Entered Level 5 of the Dungeon
  4610 | D:4      | Killed from afar by an orc priest

Vault maps used:
D:1:      dpeg_arrival_pond, lemuel_old_faithful
D:2:      kennysheep_goblin_castle, nicolae_overflow_hidden_temple, first_bread
D:4:      serial_shops, shop
D:5:      serial_co_window_serial, co_window_corner_a, co_window_paths_b,
          co_window_cross_1, co_window_paths_b, co_window_of_opportunity_a,
          co_window_cross_3, co_window_2corner, co_window_of_opportunity_c,
          co_window_corner_ca, co_window_corner_ca, co_window_broadway_c,
          co_window_paths_c, glass_columns_a, glass_columns_c, glass_columns_b

Action                   |  1- 3 |  4- 6 || total
-------------------------+-------+-------++-------
Melee: Dagger            |   134 |   174 ||   308
 Fire: Blowgun           |     9 |    16 ||    25
Throw: Tomahawk          |       |     4 ||     4
  Use: Scroll            |     2 |       ||     2
 Stab: Sleeping          |    12 |    17 ||    29
       Distracted        |     2 |     4 ||     6
  Eat: Chunk             |    12 |     8 ||    20
